 Dungeon Crawl Stone Soup version 0.28-a0-1412-gf95308ed99 (webtiles) character file.

Game seed: 799741300198921717

2346 blank1 the Magician (level 9, -2/66 HPs)
             Began as a Djinni Fire Elementalist on Jan 7, 2022.
             Was a Believer of Makhleb.
             Slain by Joseph (17 damage)
             ... on level 7 of the Dungeon.
             The game lasted 00:18:42 (7637 turns).

blank1 the Magician (Djinni Fire Elementalist)      Turns: 7637, Time: 00:18:43

Health: -2/66      AC:  5    Str:  7    XL:     9   Next: 71%
Gold:   318        EV: 15    Int: 21    God:    Makhleb [**....] SH:  5 Dex: 14

rFire   + + .      SeeInvis +   o - +3 dagger
rCold   x . .      Faith    .   (no shield)
rNeg    . . .      Spirit   .   f - +2 robe {Will+}
rPois   ∞          Reflect  +   (no helmet)
rElec   .          Harm     .   i - +0 cloak
rCorr   .          Rampage  .   (no gloves)
Will    +....                   (boots unavailable)
Stlth   ++........              k - amulet of reflection
HPRegen 0.21/turn               p - ring of see invisible
MPRegen 0.00/turn               (no ring)

@: flying, very slightly contaminated, studying Slings
A: sickness immunity, fire resistance 2, cold vulnerability 1, float, innate
caster, hp casting, extra vitality 1
a: Renounce Religion, Minor Destruction


You were on level 7 of the Dungeon.
You worshipped Makhleb.
Makhleb was pleased with you.
You visited 2 branches of the dungeon, and saw 8 of its levels.

You collected 318 gold pieces.

Inventory:

Hand Weapons
 o - a +3 dagger (weapon)
Missiles
 q - 3 throwing nets
Armour
 f - a +2 robe of willpower (worn)
 i - a +0 cloak (worn)
Magical Staves
 t - a staff of poison
Jewellery
 g - an amulet of the acrobat
 k - an amulet of reflection (around neck)
 p - a ring of see invisible (left hand)
Wands
 a - a wand of flame (8)
 l - a wand of digging (2)
Scrolls
 j - a scroll of blinking
 r - a scroll of enchant weapon {unknown}
Potions
 c - a potion of haste
 d - 2 potions of lignification
 e - 3 potions of ambrosia
 h - 2 potions of curing
 n - 2 potions of heal wounds
 s - a potion of cancellation {unknown}


   Skills:
 - Level 6.0 Fighting
 - Level 7.0 Dodging
 + Level 2.6 Stealth
 - Level 7.0 Spellcasting


You had one spell level left.
You knew the following spells:

 Your Spells              Type           Power      Damage    Failure   Level
a - Foxfire               Conj/Fire      100%       2x1d9     1%          1
b - Scorch                Fire           72%        2d9       1%          2
c - Conjure Flame         Conj/Fire      36%        6-21      1%          3
d - Inner Flame           Hex/Fire       36%        N/A       1%          3
e - Flame Wave            Conj/Fire      36%        2d7       4%          4
f - Animate Skeleton      Necr           72%        N/A       1%          1
g - Corpse Rot            Necr/Air       72%        N/A       1%          2
h - Searing Ray           Conj           72%        2d7       1%          2
i - Spider Form           Tmut/Pois      36%        N/A       1%          3
Your spell library was empty.

Dungeon Overview and Level Annotations

Branches:
Dungeon (7/15)             Temple (1/1) D:4

Altars:
Ashenzari
Cheibriados
Dithmenos
Gozag
Hepliaklqana
Kikubaaqudgha
Makhleb
Nemelex Xobeh
Okawaru
Qazlal
Ru
Sif Muna
Trog
Uskayaw
Vehumet
Yredelemnul
The Shining One

Annotations:
D:7 Joseph


Innate Abilities, Weirdness & Mutations

You are immune to sickness and miasma.
You are immune to poison.
Your flesh is very heat resistant. (rF++)
You are vulnerable to cold. (rC-)
You float through the air rather than walking.
You learn spells naturally, not from books.
Your magical power is your life essence.
You have superior vitality. (+4 MHP)


Message History

Confirm with . or Enter, or press ? or * to list all spells.
Flames lash Joseph.
Joseph is burned terribly!
Joseph is heavily wounded.
Joseph hits you with a +0 quarterstaff!
Unknown command.
Casting: Scorch (safe; 1% risk of failure)
Confirm with . or Enter, or press ? or * to list all spells.
Flames lash Joseph.
Joseph is burned terribly!
Joseph is severely wounded.
* * * LOW HITPOINT WARNING * * *
You block Joseph's attack.
Casting: Scorch (safe; 1% risk of failure)
Confirm with . or Enter, or press ? or * to list all spells.
You miscast Scorch.
You are very lightly contaminated with residual magic.
Nothing appears to happen.
* * * LOW HITPOINT WARNING * * *
Joseph barely misses you.
Casting: Scorch (safe; 1% risk of failure)
Confirm with . or Enter, or press ? or * to list all spells.
Flames lash Joseph.
Joseph is almost dead.
* * * LOW HITPOINT WARNING * * *
Joseph hits you with a +0 quarterstaff!
* * * LOW HITPOINT WARNING * * *
Casting: Scorch (safe; 1% risk of failure)
Confirm with . or Enter, or press ? or * to list all spells.
You don't have enough health to cast this spell.
Unknown command.
Casting: Scorch (safe; 1% risk of failure)
Confirm with . or Enter, or press ? or * to list all spells.
You don't have enough health to cast this spell.
You feel much better. Joseph hits you with a +0 quarterstaff!
* * * LOW HITPOINT WARNING * * *
Casting: Scorch (safe; 1% risk of failure)
Confirm with . or Enter, or press ? or * to list all spells.
Flames lash Joseph but do no damage.
* * * LOW HITPOINT WARNING * * *
Joseph hits you with a +0 quarterstaff!
You die...

....#
#........#
....#
###+####.#.#
....#
.........#.#
....#
........##>#
....#
........##.#
....#
........##.#
....#
........##.#
#'#.#
........##@#
#.#.#
........##@#
#.# #
...........#
..#
############
###


You could see Joseph (combustible).

Vanquished Creatures
  Sigmund (D:6)
  A water moccasin (D:6)
  A sky beast (D:3)
  3 necrophages
  3 ogres
  A phantom (D:5)
  2 centaurs
  A bullfrog (D:6)
  A water moccasin zombie (D:4)
  3 scorpions (D:5)
  2 wights (D:4)
  2 electric eels (D:6)
  A howler monkey (D:6)
  A centaur zombie (D:4)
  2 hounds
  3 orc priests
  2 gnoll shamans (D:5)
  A jelly (D:5)
  Crazy Yiuf (D:2)
  A human zombie (D:4)
  A centaur skeleton (D:5)
  3 orc wizards
  A hound zombie (D:4)
  A hound skeleton (D:5)
  3 mummies (D:4)
  10 gnolls
  A howler monkey skeleton (D:6)
  6 adders
  A shadow imp (D:5)
  2 ufetubi (D:6)
  An adder zombie (D:4)
  A worm (D:5)
  2 dart slugs
  7 orcs
  7 ball pythons
  5 bats
  6 endoplasms
  7 giant cockroaches
  7 goblins
  6 hobgoblins
  2 jackals (D:5)
  6 quokkas
  2 frilled lizards
  8 kobolds
  3 rats (D:2)
132 creatures vanquished.

Vanquished Creatures (others)
  450 foxfires
  2 plants (D:6)
452 creatures vanquished.

Grand Total: 584 creatures vanquished

Notes
Turn   | Place    | Note
-------+----------+-------------------------------------------
     0 | D:1      | blank1 the Djinni Fire Elementalist began the quest for the
                  | Orb.
     0 | D:1      | Reached XP level 1. HP: 15/15 MP: 0/0
   367 | D:1      | Reached XP level 2. HP: 19/22 MP: 0/0
   820 | D:1      | Reached skill level 1 in Fighting
   845 | D:1      | Reached XP level 3. HP: 24/27 MP: 0/0
   845 | D:1      | Learned a level 1 spell: Animate Skeleton
  1189 | D:1      | Found a faded altar of an unknown god.
  1310 | D:2      | Found an opulent altar of Gozag.
  1319 | D:2      | Reached XP level 4. HP: 19/32 MP: 0/0
  2549 | D:2      | Found a runed translucent door.
  2550 | D:2      | Noticed Crazy Yiuf
  2556 | D:2      | Killed Crazy Yiuf
  2557 | D:2      | Reached XP level 5. HP: 30/37 MP: 0/0
  2557 | D:2      | Learned a level 2 spell: Corpse Rot
  2819 | D:3      | You are sucked into a shaft and drop 1 floor!
  3100 | D:3      | Noticed a sky beast
  3105 | D:3      | Killed a sky beast
  3106 | D:3      | Reached XP level 6. HP: 31/43 MP: 0/0
  3569 | D:4      | Found a sparkling altar of Nemelex Xobeh.
  3884 | D:4      | Found a staircase to the Ecumenical Temple.
  3947 | Temple   | Entered the Ecumenical Temple
  4079 | Temple   | Became a worshipper of Makhleb the Destroyer
  4184 | D:4      | Noticed a necrophage
  4189 | D:4      | Killed a necrophage
  4192 | D:4      | Reached XP level 7. HP: 28/49 MP: 0/0
  4192 | D:4      | Learned a level 2 spell: Searing Ray
  4604 | D:4      | Reached skill level 5 in Spellcasting
  5122 | D:5      | Entered Level 5 of the Dungeon
  5157 | D:5      | Reached XP level 8. HP: 54/58 MP: 0/0
  5350 | D:5      | Reached * piety under Makhleb
  5390 | D:5      | Found a broken altar of Ashenzari.
  5571 | D:5      | Reached skill level 5 in Dodging
  5677 | D:5      | Reached skill level 5 in Fighting
  5940 | D:5      | Reached XP level 9. HP: 57/66 MP: 0/0
  5940 | D:5      | Learned a level 3 spell: Spider Form
  6371 | D:6      | Noticed Sigmund
  6379 | D:6      | Killed Sigmund
  6731 | D:6      | Reached ** piety under Makhleb
  7381 | D:6      | Found a snail-covered altar of Cheibriados.
  7385 | D:6      | Found a hide-covered altar of Uskayaw.
  7387 | D:6      | Found a hazy altar of Hepliaklqana.
  7396 | D:6      | Found a stormy altar of Qazlal.
  7413 | D:6      | Found a sacrificial altar of Ru.
  7627 | D:7      | Noticed Joseph
  7635 | D:7      | HP: 2/66 [Joseph (14)]
  7637 | D:7      | Slain by Joseph

Illustrated notes

Levels and vault maps discovered:
D:1:      lightli_iron_boxes, layout_rooms, chequers_ecumenical_altar_twisty
D:2:      layout_basic, basic_altar, uniq_crazy_yiuf_cottage
D:3:      layout_basic
D:4:      layout_basic, lemuel_mausoleum_altar_kikubaaqudgha,
          nemelex_altar_shiori, minmay_temple_entry_antechambers
D:5:      layout_rooms, mainiacjoe_overflow_tiny_flanked, minmay_manual_moon
D:6:      layout_gridville, minmay_overflow_temple_star_hex,
          serial_bayou_lake_a, uniq_sigmund
D:7:      layout_basic, mainiacjoe_overflow_24_doors, uniq_harold, uniq_joseph
Temple:   minmay_temple_curvy_loop

Skill      XL: |  1  2  3  4  5  6  7  8  9 |
---------------+----------------------------+-----
Fighting       | 1 2 4 6 |  6.0
Stealth        | 2 |  2.6
Dodging        | 3 4 5 7 |  7.0
Spellcasting   | 3 4 5 6 7 |  7.0

Action                   |  1- 3 |  4- 6 |  7- 9 || total
-------------------------+-------+-------+-------++-------
Melee: Unarmed           |     8 |       |       ||     8
       Dagger            |    16 |     8 |     2 ||    26
       Punch             |     1 |       |       ||     1
 Cast: Foxfire           |    45 |    88 |   133 ||   266
       Scorch            |     4 |    15 |    60 ||    79
       Searing Ray       |       |       |     1 ||     1
  Use: Scroll            |       |       |    11 ||    11
       Potion            |       |       |     1 ||     1
 Stab: Sleeping          |       |       |     1 ||     1
Armor: Robe              |     9 |     6 |     3 ||    18
Dodge: Dodged            |    27 |    14 |    32 ||    73
Block: Other             |       |     2 |     7 ||     9

Table legend: (Time is in decaauts)
 A = Elapsed time spent in this place.
 B = Non-inter-level travel time spent in this place.
 C = Inter-level travel time spent in this place.
 D = Time resting spent in this place.
 E = Time spent auto-exploring this place.
 F = Levels seen in this place.
 G = Mean time per level.
                   A        B        C        D        E       F      G
               +--------+--------+--------+--------+--------+-----+--------+
         Total |   7637 |   7449 |    188 |   1242 |   4962 |   8 |  954.6 |
       Dungeon |   7442 |   7315 |    127 |   1242 |   4844 |   7 | 1063.1 |
        Temple |    194 |    133 |     61 |      0 |    118 |   1 |  194.0 |
               +--------+--------+--------+--------+--------+-----+--------+

Top non-repeatable levels by time:
     D:4: 1642 daAuts
     D:2: 1350 daAuts
     D:1: 1309 daAuts
     D:5: 1303 daAuts
     D:6: 1004 daAuts
     D:3: 624 daAuts
     D:7: 207 daAuts
  Temple: 194 daAuts
